 Dungeon Sprint DCSS version 0.18-a0-1140-g8540535 (webtiles) character file.

65258 Kidiri the Imperceptible (level 13, -6/55 HPs)
             Began as a Spriggan Enchanter on Jan 21, 2016.
             Was the Champion of Dithmenos.
             Killed from afar by a deep elf annihilator (61 damage)
             ... with a crystal spear
             ... in the Dungeon (Sprint III: "The Ten Rune Challenge").
             The game lasted 00:25:48 (4913 turns).

Kidiri the Imperceptible (Spriggan Enchanter)       Turns: 4913, Time: 00:25:48

Health: -6/55      AC:  6    Str:  4    XL:     13   Next: 57%
Magic:  22/35      EV: 38    Int: 19    God:    Dithmenos [******]
Gold:   890        SH:  0    Dex: 19    Spells: 9 memorised, 5 levels left

rFire  + . .     SeeInvis +     r - +2 dagger (drain)
rCold  + . .     Gourm    .     b - +1 robe
rNeg   . . .     Faith    .     (shield restricted)
rPois  +         Spirit   .     s - +2 hat {SInv}
rElec  .         Dismiss  .     e - +0 cloak {+Inv}
rCorr  .         Reflect  .     (gloves unavailable)
SustAt .         Harm     .     (boots unavailable)
MR     +++..     Rnd*Rage +     (no amulet)
Stlth  ++++++++++ NoTele   +    l - ring of Vymo Wucw {+Fly rPois rC+ Stlth+}
                                f - ring "Roegrod" {+Fly MR+ EV+2 Str-2 Stlth+}

@: wreathed by umbra, very quick, extremely resistant to hostile enchantments,
uncannily stealthy
A: unfitting armour, antennae 2, hooves 1, see invisible, berserk 1, fire
resistance 1, herbivore 3, speed 3, slow metabolism 2, strong 1
a: Shadow Step, Shadow Form, Renounce Religion, Evoke Invisibility, Evoke Flight
}: 2/10 runes: serpentine, barnacled


You were in the Dungeon.
You worshipped Dithmenos.
Dithmenos was exalted by your worship.
You were not hungry.

You visited 1 branch You collected 2489 gold pieces.
You spent 1599 gold pieces at shops.

Inventory:

Hand Weapons
 r - a +2 dagger of draining (weapon)
Armour
 b - a +1 robe (worn)
 e - a +0 cloak of invisibility (worn)
 s - a +2 hat of see invisible (worn)
Jewellery
 f - the ring "Roegrod" (left hand) {+Fly MR+ EV+2 Str-2 Stlth+}
   (You bought it in a shop in the Dungeon)

   [ring of evasion]

   It affects your evasion (+2).
   It affects your strength (-2).
   It affects your resistance to hostile enchantments.
   It lets you fly.
   It makes you more stealthy.
 l - the ring of Vymo Wucw (right hand) {+Fly rPois rC+ Stlth+}
   (You took it off a deep elf high priest in the Dungeon)

   [ring of poison resistance]

   It protects you from cold.
   It protects you from poison.
   It lets you fly.
   It makes you more stealthy.
Scrolls
 j - a scroll of blinking
 m - a scroll of holy word
 n - a scroll of immolation {unknown}
 o - 2 scrolls of remove curse {unknown}
 q - a scroll of torment {unknown}
 x - 2 scrolls of amnesia {unknown}
Potions
 g - 2 potions of lignification {unknown}
 h - a potion of ambrosia {unknown}
 i - 2 potions of berserk rage
 k - 5 potions of flight
 p - 3 potions of cure mutation {unknown}
 t - a potion of agility
 u - a potion of brilliance
 v - a potion of curing
Books
 w - a book of Annihilations

   Spells                             Type                      Level
   a - Poison Arrow                   Conjuration/Poison           6
   b - Chain Lightning                Conjuration/Air              8
   c - Lehudib's Crystal Spear        Conjuration/Earth            8
   d - Glaciate                       Conjuration/Ice              9
   e - Fire Storm                     Conjuration/Fire             9
Comestibles
 a - 4 fruits
 c - 27 royal jellies
 d - 2 bread rations


   Skills:
 * Level 16.2 Short Blades
 * Level 20.4 Dodging
 * Level 21.9 Stealth
 * Level 17.8 Spellcasting
 + Level 8.4 Conjurations
 + Level 13.4 Hexes
 + Level 13.1 Translocations
 + Level 9.5 Ice Magic
 + Level 1.6 Earth Magic
 + Level 1.8 Poison Magic
 - Level 3.4 Invocations
 + Level 1.5 Evocations


You had 5 spell levels left.
You knew the following spells:

 Your Spells              Type           Power        Failure   Level  Hunger
a - Corona                Hex            ######.      0%          1    None
b - Ensorcelled Hibernat  Hex/Ice        ######       1%          2    None
c - Confuse               Hex            ######..     1%          3    None
d - Tukima's Dance        Hex            ######..     1%          3    None
e - Dazzling Spray        Conj/Hex       ######..     1%          3    None
f - Controlled Blink      Tloc           N/A          89%         8    #######
g - Disjunction           Tloc           ######....   89%         8    #######
h - Poison Arrow          Conj/Pois      #####.....   67%         6    #####..
i - Lehudib's Crystal Sp  Conj/Erth      #####.....   100%        8    #######


Dungeon Overview and Level Annotations

Branches:
Dungeon (1/1)

Altars:
Cheibriados
Dithmenos
Elyvilon
Fedhas
Gozag
Kikubaaqudgha
Makhleb
Nemelex Xobeh
Okawaru
Pakellas
Qazlal
Ru
Sif Muna
Trog
Vehumet
Xom
Yredelemnul
Zin
The Shining One
Jiyva
Lugonu

Shops:
D (=![:%%


Innate Abilities, Weirdness & Mutations

You are tiny and cannot use many weapons and most armour.
You have supernaturally acute eyesight.
You are a herbivore.
You cover ground extremely quickly.
You need consume almost no food.
You have a pair of antennae on your head.
You have large cloven feet.
You tend to lose your temper in combat.
Your flesh is heat resistant.
Your muscles are strong. (Str +2)


Message History

The deep elf high priest intones a terrible prayer.
Casting: Dazzling Spray
Confirm with . or Enter, or press ? or * to list all spells.
Aiming: Dazzling Spray
Press: ? - help, Shift-Dir - straight line, f/p - deep elf annihilator
Aim: a deep elf annihilator, wearing a robe and wearing an iron ring (heavily wounded, umbra)
The spray of energy misses the deep elf annihilator.
Your shadow mimicks your spell!
The shadow shard hits the deep elf annihilator.
The deep elf annihilator gestures at you while chanting.
The crystal spear misses you.
The deep elf high priest prays.
The deep elf high priest utters an invocation to its god.
The deep elf mage casts a spell.
The deep elf annihilator casts a spell at you.
The crystal spear misses you.
The deep elf annihilator gestures at you while chanting.
The crystal spear hits you!
Ouch! That really hurt!
You die...

▓▓▓▓▓▓▓▓▓▓ ######...#....#######
### #__#..#...∩#..'.#...# .e.s
#%_#.........##.#..e##≈≈≈≈#
#+##.........##%#)..3≈≈ees.
...#........#.#.#...##≈≈≈≈#
...#[#..###.###.@...# {{..'{
##'#....##.## ####### ###
...#'###########################
...#)§§≈≈+.#.+...+.#.#.#.+...≈≈#{
...#§#§≈§#.#.#...##.#.#.##...≈≈##
...'.#§§§#.#.#)..#.#.#.#.#...≈≈≈≈
...#.#.).#...#)).##.#.#.##...≈≈≈≈
▓▓▓▓▓▓▓▓▓▓▓▓▓▓▓▓▓#.#.#.#.#.......
≈≈≈........≈≈≈...##.#.#.##.......


You could see a deep elf annihilator, a sun demon and a deep elf mage.

Vanquished Creatures
  Rupert (D)
  A kraken (D)
  Gastronok (D)
  A greater naga (D)
  Maud (D)
  A deep elf annihilator (D)
  2 dire elephants (D)
  A deep elf high priest (D)
  Josephine (D)
  2 hydras (D)
  A naga warrior (D)
  An alligator snapping turtle (D)
  2 anacondas (D)
  A centaur warrior (D)
  4 death yaks (D)
  A deep elf knight (D)
  A spriggan druid (D)
  An unseen horror (D)
  A death drake (D)
  A lindwurm (D)
  2 orc knights (D)
  3 deep elf magi (D)
  2 orc sorcerers (D)
  2 elephants (D)
  A guardian serpent (D)
  7 black mambas (D)
  2 spiny frogs (D)
  A fire drake (D)
  A komodo dragon (D)
  A queen bee (D)
  3 wandering mushrooms (D)
  2 giant leeches (D)
  8 blink frogs (D)
  5 snapping turtles (D)
  2 spriggans (D)
  A shadow (D)
  3 redbacks (D)
  A spatial vortex (D)
  A naga (D)
  7 water moccasins (D)
  A swamp drake (D)
  An orc warrior (D)
  A necrophage (D)
  2 centaurs (D)
  An earth elemental (D)
  A water elemental (D)
  A scorpion (D)
  32 killer bees (D)
  A jelly (D)
  An orc priest (D)
  Jessica (D)
  3 orc wizards (D)
  A necromancer (D)
  3 humans (D)
  A kobold demonologist (D)
  An adder (D)
  An ooze (D)
  6 orcs (D)
  2 rats (D)
142 creatures vanquished.

Vanquished Creatures (collateral kills)
  An orc high priest (D)
  A deep elf mage (D)
  A naga (D)
  An orc wizard (D)
  An orc (D)
5 creatures vanquished.

Vanquished Creatures (others)
  2 draconian scorchers (D)
  3 yaktaurs (D)
  An electric eel (D)
  A wizard (D)
  3 fungi (D)
  8 tentacles (D)
  2 tentacle segments (D)
20 creatures vanquished.

Grand Total: 167 creatures vanquished

Notes
Turn   | Place    | Note
--------------------------------------------------------------
     0 | D        | Kidiri the Spriggan Enchanter began the quest for the Orb.
     0 | D        | Reached XP level 1. HP: 9/9 MP: 5/5
     5 | D        | Reached skill level 5 in Stealth
    15 | D        | Noticed Jessica
    19 | D        | Killed Jessica
    19 | D        | Reached skill level 5 in Dodging
    19 | D        | Reached skill level 6 in Stealth
    19 | D        | Reached XP level 2. HP: 13/13 MP: 6/8
    19 | D        | Reached XP level 3. HP: 16/16 MP: 6/9
    23 | D        | Learned a level 2 spell: Ensorcelled Hibernation
    27 | D        | Learned a level 3 spell: Confuse
    31 | D        | Learned a level 3 spell: Dazzling Spray
   116 | D        | Killed a yaktaur
   152 | D        | Noticed a scorpion
   159 | D        | Killed a scorpion
   159 | D        | Reached skill level 7 in Stealth
   159 | D        | Reached skill level 5 in Spellcasting
   159 | D        | Reached skill level 1 in Conjurations
   159 | D        | Reached skill level 5 in Hexes
   159 | D        | Reached skill level 1 in Ice Magic
   159 | D        | Reached XP level 4. HP: 21/21 MP: 12/12
   167 | D        | Learned a level 3 spell: Tukima's Dance
   179 | D        | Gained mutation: You have a pair of small antennae on your head. [potion of mutation]
   179 | D        | Gained mutation: You tend to lose your temper in combat. [potion of mutation]
   179 | D        | Gained mutation: You have large cloven feet. [potion of mutation]
   180 | D        | Gained mutation: Your flesh is heat resistant. [potion of mutation]
   180 | D        | Gained mutation: You have a pair of antennae on your head. [potion of mutation]
   180 | D        | Gained mutation: Your muscles are strong. (Str +2) [potion of mutation]
   201 | D        | Noticed a water elemental
   204 | D        | Killed a water elemental
   204 | D        | Reached skill level 5 in Short Blades
   204 | D        | Reached skill level 8 in Stealth
   204 | D        | Reached XP level 5. HP: 24/24 MP: 12/14
   222 | D        | Noticed a shadow
   224 | D        | Killed a shadow
   224 | D        | Reached skill level 9 in Stealth
   224 | D        | Reached XP level 6. HP: 28/28 MP: 15/17
   228 | D        | Reached skill level 10 in Stealth
   239 | D        | Killed a white draconian scorcher
   240 | D        | Found an oddly glowing altar of Pakellas.
   240 | D        | Found a stormy altar of Qazlal.
   241 | D        | Found a sacrificial altar of Ru.
   241 | D        | Found a burning altar of Makhleb.
   241 | D        | Found a viscous altar of Jiyva.
   241 | D        | Found a shimmering altar of Xom.
   241 | D        | Found a shadowy altar of Dithmenos.
   241 | D        | Found a sparkling altar of Nemelex Xobeh.
   241 | D        | Found a corrupted altar of Lugonu.
   241 | D        | Found an opulent altar of Gozag.
   241 | D        | Noticed a spatial vortex
   245 | D        | Became a worshipper of Dithmenos the Shadowed
   258 | D        | Killed a spatial vortex
   258 | D        | Reached skill level 1 in Invocations
   390 | D        | Found a radiant altar of Vehumet.
   391 | D        | Found a deep blue altar of Sif Muna.
   391 | D        | Found an ancient bone altar of Kikubaaqudgha.
   392 | D        | Noticed a rust devil
   395 | D        | Noticed a hellwing
   406 | D        | Noticed a red devil
   490 | D        | Killed a white draconian scorcher
   540 | D        | Found a glowing silver altar of Zin.
   541 | D        | Found a glowing golden altar of the Shining One.
   541 | D        | Found a white marble altar of Elyvilon.
   541 | D        | Noticed a deep elf mage
   548 | D        | Killed a deep elf mage
   548 | D        | Reached skill level 10 in Dodging
   548 | D        | Reached skill level 11 in Stealth
   548 | D        | Reached XP level 7. HP: 26/32 MP: 7/20
   624 | D        | Found an iron altar of Okawaru.
   625 | D        | Found a bloodstained altar of Trog.
   625 | D        | Noticed a human
   625 | D        | Noticed a human
   627 | D        | Killed a human
   627 | D        | Reached * piety under Dithmenos
   627 | D        | Reached skill level 12 in Stealth
   627 | D        | Reached XP level 8. HP: 36/36 MP: 22/22
   653 | D        | Found a snail-covered altar of Cheibriados.
   654 | D        | Found a basalt altar of Yredelemnul.
   654 | D        | Found a blossoming altar of Fedhas.
   666 | D        | Reached ** piety under Dithmenos
   745 | D        | Learned a level 8 spell: Controlled Blink
   749 | D        | Noticed Josephine
   752 | D        | Killed Josephine
   752 | D        | Reached skill level 13 in Stealth
   752 | D        | Reached skill level 10 in Spellcasting
   752 | D        | Reached XP level 9. HP: 39/39 MP: 22/24
   799 | D        | Noticed a centaur warrior
   803 | D        | Killed a centaur warrior
   803 | D        | Reached skill level 10 in Short Blades
   803 | D        | Reached skill level 14 in Stealth
   803 | D        | Reached skill level 5 in Ice Magic
   804 | D        | Reached *** piety under Dithmenos
   820 | D        | Noticed an unseen horror
   821 | D        | Killed an unseen horror
   821 | D        | Reached skill level 5 in Translocations
   831 | D        | Noticed a queen bee
   836 | D        | Killed a queen bee
   840 | D        | Reached **** piety under Dithmenos
   850 | D        | Reached XP level 10. HP: 44/44 MP: 9/26
   852 | D        | Reached skill level 15 in Stealth
   856 | D        | Reached ***** piety under Dithmenos
   992 | D        | Reached skill level 5 in Conjurations
  1013 | D        | Reached ****** piety under Dithmenos
  1353 | D        | Noticed a spiny frog
  1353 | D        | Noticed a spiny frog
  1359 | D        | Killed a spiny frog
  1359 | D        | Reached skill level 15 in Dodging
  1361 | D        | Killed a spiny frog
  1361 | D        | Reached skill level 16 in Stealth
  1361 | D        | Reached skill level 10 in Hexes
  1480 | D        | Noticed a lindwurm
  1483 | D        | Killed a lindwurm
  1492 | D        | Reached XP level 11. HP: 47/47 MP: 29/29
  1493 | D        | Noticed Maud
  1496 | D        | Killed Maud
  1496 | D        | Reached skill level 17 in Stealth
  1508 | D        | Learned a level 8 spell: Disjunction
  1510 | D        | Noticed an eight-headed hydra
  1510 | D        | Noticed a seven-headed hydra
  1512 | D        | Killed an eight-headed hydra
  1513 | D        | Killed a seven-headed hydra
  1534 | D        | Noticed a death drake
  1537 | D        | Killed a death drake
  1544 | D        | Found a blossoming altar of Fedhas.
  1544 | D        | Noticed a spriggan druid
  1546 | D        | Killed a spriggan druid
  1571 | D        | Noticed an anaconda
  1600 | D        | Killed an anaconda
  1600 | D        | Reached skill level 18 in Stealth
  1739 | D        | Reached skill level 10 in Translocations
  1746 | D        | Noticed an anaconda
  1748 | D        | Killed an anaconda
  1766 | D        | Reached skill level 15 in Spellcasting
  1902 | D        | Noticed a naga warrior
  1902 | D        | Noticed a greater naga
  1902 | D        | Found Ditaelli's Antique Armour Shop.
  1902 | D        | Found Cujejoasm's Book Shoppe.
  1903 | D        | Reached XP level 12. HP: 51/51 MP: 27/32
  2110 | D        | Killed a naga warrior
  2579 | D        | Found Xygosef's Food Boutique.
  2592 | D        | Killed a greater naga
  2592 | D        | Reached skill level 19 in Stealth
  2619 | D        | Got a serpentine rune of Zot
  2901 | D        | Noticed Rupert
  2906 | D        | Killed Rupert
  2925 | D        | Noticed a death yak
  2926 | D        | Noticed a death yak
  2927 | D        | Killed a death yak
  2928 | D        | Noticed an azure jelly
  2928 | D        | Noticed a death yak
  2928 | D        | Noticed an azure jelly
  2928 | D        | Noticed a death yak
  2929 | D        | Killed a death yak
  2930 | D        | Reached skill level 20 in Stealth
  2932 | D        | Killed a death yak
  2934 | D        | Killed a death yak
  2985 | D        | Noticed a kraken
  3087 | D        | Killed a kraken
  3087 | D        | Reached skill level 15 in Short Blades
  3176 | D        | Noticed an alligator snapping turtle
  3176 | D        | Found Biomat's Antique Weapon Shoppe.
  3176 | D        | Found Byrchelut's Jewellery Boutique.
  3176 | D        | Found Cifeuf Jepn's Distillery.
  3193 | D        | Killed an alligator snapping turtle
  3193 | D        | Reached XP level 13. HP: 55/55 MP: 24/34
  3528 | D        | Got a barnacled rune of Zot
  3575 | D        | Noticed an azure jelly
  3575 | D        | Noticed an azure jelly
  3576 | D        | Noticed a dire elephant
  3576 | D        | Noticed a dire elephant
  3576 | D        | Noticed Gastronok
  3578 | D        | Killed Gastronok
  3578 | D        | Reached skill level 21 in Stealth
  3579 | D        | Killed a dire elephant
  3581 | D        | Killed a dire elephant
  3699 | D        | Found Mej Reo's Food Emporium.
  4015 | D        | Bought a glowing cloak for 94 gold pieces
  4149 | D        | Bought the ring "Roegrod" {+Fly MR+ EV+2 Str-2 Stlth+} for 233 gold pieces
  4152 | D        | Bought a potion of agility for 48 gold pieces
  4152 | D        | Bought a potion of brilliance for 48 gold pieces
  4152 | D        | Bought a potion of curing for 36 gold pieces
  4152 | D        | Bought a potion of curing for 36 gold pieces
  4279 | D        | Bought a book of Annihilations for 1104 gold pieces
  4286 | D        | Learned a level 6 spell: Poison Arrow
  4295 | D        | Learned a level 8 spell: Lehudib's Crystal Spear
  4430 | D        | Noticed a deep elf annihilator
  4437 | D        | Noticed a deep elf demonologist
  4443 | D        | Reached skill level 1 in Earth Magic
  4443 | D        | Reached skill level 1 in Poison Magic
  4532 | D        | Killed a deep elf annihilator
  4532 | D        | Reached skill level 1 in Evocations
  4749 | D        | Got a scintillating steel ring
  4767 | D        | Identified the ring of Vymo Wucw {+Fly rPois rC+ Stlth+} (You took it off a deep elf high priest in the Dungeon)
  4900 | D        | Noticed a deep elf annihilator
  4904 | D        | Noticed a deep elf annihilator
  4913 | D        | Killed from afar by a deep elf annihilator

Vault maps used:
D:        dungeon_sprint_mu

Action                   |  1- 3 |  4- 6 |  7- 9 | 10-12 | 13-15 || total
-------------------------+-------+-------+-------+-------+-------++-------
Melee: Dagger            |     6 |    14 |    23 |    92 |    34 ||   169
 Cast: Ensorcelled Hiber |     4 |     1 |    11 |    51 |     9 ||    76
       Dazzling Spray    |       |    12 |     1 |    53 |    34 ||   100
       Tukima's Dance    |       |     3 |     1 |     4 |     2 ||    10
       Confuse           |       |       |     1 |     5 |     1 ||     7
Invok: Shadow Step       |       |       |       |    11 |     2 ||    13
  Use: Potion            |       |     4 |       |     3 |     3 ||    10
       Scroll            |       |     2 |       |       |       ||     2
 Stab: Sleeping          |     6 |     4 |    16 |    53 |    12 ||    91
       Invisible         |       |     2 |       |    13 |     1 ||    16
       Distracted        |       |       |       |       |     1 ||     1
       Confused          |       |       |       |       |     1 ||     1
  Eat: Fruit             |       |       |       |     1 |     1 ||     2
